 Dungeon Crawl Stone Soup version 0.27.1-35-g4d5d836560 (console) character file.

Game seed: 3369448431063575755

466884 grimtooth the Devastator (level 24, -10/145 HPs)
             Began as a Tengu Conjurer on Feb 22, 2022.
             Was the Champion of Vehumet.
             Hit by a large rock thrown by a stone giant (43 damage)
             ... on level 3 of the Depths on Mar 5, 2022.
             The game lasted 12:36:21 (76852 turns).

grimtooth the Devastator (Tengu Conjurer)          Turns: 76852, Time: 12:36:21

Health: -10/145    AC: 20    Str: 13    XL:     24   Next: 59%
Magic:  52/52      EV: 19    Int: 32    God:    Vehumet [******]
Gold:   4810       SH: 14    Dex: 10    Spells: 11/53 levels left

rFire    + + .     SeeInvis .   a - staff of conjuration
rCold    + + .     Faith    .   n - +2 kite shield {reflect}
rNeg     . . .     Spirit   .   i - +4 scale mail of Action {rC+ Int+3 Dex-3}
rPois    .         Reflect  +   o - +1 hat
rElec    .         Harm     .   Z - +2 cloak {Will+}
rCorr    .         Rampage  .   P - +0 pair of gloves
Will     ++...                  (boots unavailable)
Stlth    ++........             L - amulet of magic regeneration
HPRegen  0.34/turn              R - +4 ring of evasion
MPRegen  0.58/turn              H - ring of Emena {*Corrode rF++ rC+ MP+9 Int+4}

@: flying quickly and evasively, hasted, studying 3 skills, very quick
A: beak, talons 3, nimble flight, deterioration 1
}: 2/15 runes: barnacled, gossamer
a: Renounce Religion


You were on level 3 of the Depths.
You worshipped Vehumet.
Vehumet was exalted by your worship.
You visited 10 branches of the dungeon, and saw 44 of its levels.
You also visited: Bailey, Gauntlet and Volcano.

You collected 5832 gold pieces.
You spent 1022 gold pieces at shops.

Inventory:

Hand Weapons
 b - a +9 demon trident of flaming
Missiles
 c - 6 poisoned darts
 g - 5 throwing nets {=f}
 l - 124 boomerangs (quivered)
Armour
 i - the +4 scale mail of Action (worn) {rC+ Int+3 Dex-3}
   (You bought it in a shop on level 2 of the Orcish Mines)

   Int:       It affects your intelligence (+3).
   Dex:       It affects your dexterity (-3).
   rC:        It protects you from cold.
 n - a +2 kite shield of reflection (worn)
 o - a +1 hat (worn)
 P - a +0 pair of gloves (worn)
 Z - a +2 cloak of willpower (worn)
Magical Staves
 a - a staff of conjuration (weapon)
Jewellery
 v - a ring of willpower
 B - a ring of see invisible
 H - the ring of Emena (right hand) {*Corrode rF++ rC+ MP+9 Int+4}
   (You found it on level 3 of the Shoals)

   [ring of magical power]

   Int:       It affects your intelligence (+4).
   rF:        It greatly protects you from fire.
   rC:        It protects you from cold.
   MP:        It affects your magic capacity (+9).
   *Corrode:  It may corrode you when you take damage.
 L - an amulet of magic regeneration (around neck)
 R - a +4 ring of evasion (left hand)
Wands
 d - a wand of digging (5)
 f - a wand of iceblast (27)
 Q - a wand of mindburst (34)
 T - a wand of paralysis (16)
 U - a wand of acid (32)
 Y - a wand of polymorph (38)
Scrolls
 p - 6 scrolls of fog
 r - 3 scrolls of vulnerability
 w - a scroll of summoning
 A - 12 scrolls of teleportation
 C - 4 scrolls of magic mapping
 J - 3 scrolls of fear
Potions
 k - 10 potions of ambrosia
 m - a potion of lignification
 u - 6 potions of might
 z - 6 potions of cancellation
 E - 3 potions of invisibility
 F - 6 potions of curing
 N - 3 potions of resistance
Miscellaneous
 e - a phial of floods
 q - a condenser vane
 x - a lightning rod (4/4)
 I - a piece from Xom's chessboard (15/15)


   Skills:
 + Level 13.3 Fighting
 - Level 9.0(9.9) Polearms
 - Level 6.8(9.0) Staves
 - Level 6.0 Throwing
 - Level 15.0 Armour
 - Level 12.0 Dodging
 - Level 7.0 Stealth
 + Level 14.0 Shields
 - Level 15.0 Spellcasting
 - Level 18.0 Conjurations
 - Level 6.0 Hexes
 - Level 6.0 Translocations
 - Level 12.0 Fire Magic
 - Level 18.0 Air Magic
 - Level 6.0 Earth Magic
 - Level 10.0 Evocations


You had 11 spell levels left.
You knew the following spells:

 Your Spells              Type           Power      Damage    Failure   Level
a - Stone Arrow           Conj/Erth      100%       3d13      1%          3
c - Fireball              Conj/Fire      55%        3d21      1%          5
d - Iskenderun's Mystic   Conj/Tloc      100%       2d19      1%          4
e - Iron Shot             Conj/Erth      50%        9d10      1%          6
f - Fulminant Prism       Conj/Hex       50%        3d23      1%          4
g - Bolt of Magma         Conj/Fire/Erth 50%        4d20      1%          5
h - Airstrike             Air            47%        N/A       1%          4
j - Lightning Bolt        Conj/Air       59%        1d81      1%          5
t - Starburst             Conj/Fire      55%        6d15      1%          6

Your spell library contained the following spells:

 Spells                   Type           Power      Damage    Failure   Level
 Maxwell's Capacitive Co  Air            47%        ∞         7%          8
 Polar Vortex             Ice            12%        N/A       100%        9
 Shatter                  Erth           29%        3d24*     100%        9
 Magic Dart               Conj           100%       1d8       0%          1
 Searing Ray              Conj           100%       3d7       0%          2
 Swiftness                Air            95%        N/A       0%          3
 Apportation              Tloc           100%       N/A       1%          1
 Corona                   Hex            64%        N/A       1%          1
 Freeze                   Ice            96%        1d11      1%          1
 Sandblast                Erth           100%       2d20      1%          1
 Corpse Rot               Necr/Air       N/A        N/A       1%          2
 Poisonous Vapours        Pois/Air       100%       N/A       1%          2
 Conjure Flame            Conj/Fire      100%       6-21      1%          3
 Dazzling Flash           Conj/Hex       100%       N/A       1%          3
 Ignite Poison            Fire/Tmut/Pois 49%        N/A       1%          3
 Inner Flame              Hex/Fire       69%        N/A       1%          3
 Portal Projectile        Hex/Tloc       100%       N/A       1%          3
 Tukima's Dance           Hex            58%        N/A       1%          3
 Sticky Flame             Conj/Fire      100%       2d11      1%          4
 Summon Lightning Spire   Summ/Air       69%        N/A       1%          4
 Freezing Cloud           Conj/Ice/Air   50%        6-21      1%          5
 Iskenderun's Battlesphe  Conj           100%       2d15      1%          5
 Silence                  Hex/Air        39%        N/A       1%          5
 Conjure Ball Lightning   Conj/Air       59%        3x3d21    1%          6
 Orb of Destruction       Conj           59%        9d17      1%          7
 Ensorcelled Hibernation  Hex/Ice        86%        N/A       2%          2
 Passwall                 Tmut/Erth      35%        N/A       2%          2
 Cause Fear               Hex            29%        N/A       4%          4
 Leda's Liquefaction      Hex/Erth       29%        N/A       4%          4
 Lee's Rapid Deconstruct  Erth           29%        3d16*     4%          5
 Frozen Ramparts          Ice            48%        1d6       5%          3
 Animate Skeleton         Necr           48%        N/A       6%          1
 Sting                    Tmut/Pois      96%        1d7       6%          1
 Summon Small Mammal      Summ           96%        N/A       6%          1
 Sublimation of Blood     Necr           12%        N/A       9%          2
 Wereblood                Tmut           24%        N/A       9%          2
 Olgreb's Toxic Radiance  Pois           24%        N/A       16%         4
 Animate Armour           Summ/Erth      86%        N/A       17%         4
 Petrify                  Tmut/Erth      43%        N/A       17%         4
 Call Canine Familiar     Summ           24%        N/A       19%         3
 Ozocubu's Armour         Ice            24%        N/A       19%         3
 Spider Form              Tmut/Pois      12%        N/A       19%         3
 Borgnjor's Vile Clutch   Necr/Erth      21%        N/A       43%         5
 Metabolic Englaciation   Hex/Ice        21%        N/A       43%         5
 Animate Dead             Necr           12%        N/A       52%         4
 Ice Form                 Ice/Tmut       24%        N/A       52%         4
 Summon Ice Beast         Ice/Summ       24%        N/A       52%         4
 Ignition                 Fire           39%        3d12      54%         8
 Invisibility             Hex            29%        N/A       61%         6
 Chain Lightning          Conj/Air       59%        3d78      65%         9
 Agony                    Necr           24%        N/A       86%         5
 Blade Hands              Tmut           12%        N/A       86%         5
 Excruciating Wounds      Necr           12%        N/A       86%         5
 Fire Storm               Conj/Fire      55%        8d14      95%         9
 Death Channel            Necr           12%        N/A       100%        6
 Shadow Creatures         Summ           N/A        N/A       100%        6
 Dragon Form              Tmut           12%        N/A       100%        7
 Ozocubu's Refrigeration  Ice            12%        4d7       100%        7
 Summon Hydra             Summ           12%        N/A       100%        7
 Necromutation            Tmut/Necr      12%        N/A       100%        8
 Dragon's Call            Summ           12%        N/A       100%        9


Dungeon Overview and Level Annotations

Branches:
Dungeon (15/15)            Temple (1/1) D:7            Lair (6/6) D:11
 Shoals (4/4) Lair:4       Spider (4/4) Lair:3        Slime (0/5) Lair:6
    Orc (2/2) D:12            Elf (3/3) Orc:2        Vaults (4/5) D:14
  Crypt (2/3) Vaults:2     Depths (3/5) D:15         Bailey (visited)
Volcano (visited)         Gauntlet (visited)

Altars:
Ashenzari
Cheibriados
Dithmenos
Elyvilon
Fedhas
Gozag
Hepliaklqana
Kikubaaqudgha
Makhleb
Nemelex Xobeh
Okawaru
Qazlal
Ru
Sif Muna
Trog
Uskayaw
Vehumet
Wu Jian
Xom
Yredelemnul
Zin
The Shining One
Beogh

Shops:
D:3 *   D:7 !   D:9 [   D:13 (?   Orc:1 *   Orc:2 [*(:   Shoals:3 *
Depths:1 !=

Portals:
Hell: Depths:1 Depths:2
Abyss: Depths:1
Pandemonium: Depths:1
Ziggurat: Depths:2

Annotations:
D:3 1 runed translucent door, WaxSun's ghost, weakling KoBr
D:4 1 runed translucent door, szrap's ghost, amateur OgTm
Lair:4 exclusion: oklob plant
Shoals:2 Roxanne
Elf:1 3 runed translucent doors, Fekibock's ghost, adept TeBe
Elf:3 2 runed translucent doors, Lobster4's ghost, adept TrMo


Innate Abilities, Weirdness & Mutations

You have a beak for a mouth.
You have claws for feet.
Your magical nature lets you fly swiftly and evasively.
Your body sometimes deteriorates upon taking damage.


Message History

You hear a deafening roar!
Your surroundings suddenly seem different.
You hear a grinding noise.
Found a hunting sling.
You are confused.
You feel invigorated.
You start resting.
You hear a grinding noise.
Magic restored.
You start resting.
You hear a grinding noise. x3
You feel less invigorated.
You feel less confused.
You start resting.
You hear a grinding noise.
You hear an angry buzzing noise.
Found a morningstar and a phantom mirror.
Casting: Iskenderun's Mystic Blast (safe; 1% risk of failure)
Confirm with . or Enter, or press ? or * to list all spells.
Okay, then.
Enter note: - how the hell does he know where I am
Press: ? - help, v - describe, . - travel
Here: a deep troll earth mage (heavily wounded)
The floor.
You hear a shout!
A stone giant comes into view.
You hear a grinding noise.
The stone giant throws a large rock.
The large rock hits you!!
* * * LOW HITPOINT WARNING * * *
You hear a grinding noise.
You hear a grinding noise. x2
Found a scroll of identify.
You're wearing all the rings you can.
Remove which one? (? for menu, Esc to cancel) < or
B - a ring of see invisible > or
H - the ring of Emena {*Corrode rF++ rC+ MP+9 Int+4} You remove your ring of see invisible.
R - a +4 ring of evasion (left hand)
The stone giant shouts!
You hear a shout!
The stone giant throws a large rock.
The large rock hits you!!!
You die...

.....)...........
....##...........
#.C.............
#..............
#..............
#..............
#..............
}...)..####..........
......# ###..##...
.....# ##...## '#..#
#@....# #T#
#.......... .....).
#..####...# C..y..#C
...# #### ..:...GL
.+.## .D.i..# ?.#.
..D§.=# .. #.
G§§..### C.. #.
WeT#D#.###
D#e..§...##
§§§..§?§..#


You could see a stone giant.

Vanquished Creatures
  A dread lich (Depths:2)
  A juggernaut (Depths:2)
  Bai Suzhen (Vaults:4)
  2 liches
  Asterion (Vaults:1)
  A deep elf master archer (Elf:3)
  Frances (D:13)
  2 sphinxes
  2 ancient champions
  2 tengu reavers
  Donald (Crypt:2)
  Ilsuiw (Shoals:3)
  9 vault wardens
  13 frost giants
  3 fire giants
  Louise (Depths:1)
  5 ghost moths
  3 orc warlords
  4 deep elf sorcerers (Elf:3)
  6 emperor scorpions
  Aizul (Shoals:2)
  2 curse skulls
  9 ironbound preservers
  A ghoul (Crypt:1)
  19 very ugly things
  5 stone giants
  4 vampire knights
  5 deep elf demonologists
  Azrael (D:14)
  2 entropy weavers
  10 deep elf annihilators (Elf:3)
  4 minotaurs
  2 spark wasps
  4 dire elephants
  4 merfolk impalers
  5 eidola
  2 merfolk javelineers
  9 ettins
  5 deep elf death magi
  2 crystal guardians
  7 deep elf high priests
  4 jiangshi
  A blizzard demon (Depths:2)
  5 ice dragons
  9 yaktaur captains
  6 fire dragons
  6 hydras
  6 great orbs of eyes
  6 vault guards (Vaults:3)
  Erolcha (D:12)
  8 ironbound thunderhulks
  2 rakshasas (Depths:2)
  A catoblepas (Lair:5)
  An ogre mage (D:15)
  Harold (D:10)
  8 boulder beetles
  3 spriggan air magi
  A peacekeeper (Vaults:2)
  4 ironbound frosthearts
  6 centaur warriors
  5 death knights
  5 merfolk aquamancers
  3 two-headed ogres
  A merfolk avatar (Shoals:2)
  13 satyrs (Shoals:4)
  4 deep troll shamans (Depths:1)
  3 alligator snapping turtles
  25 dancing weapons
  6 death yaks (Lair:6)
  4 tengu warriors
  A spriggan berserker (Depths:2)
  4 deep troll earth magi
  Urug (Lair:4)
  11 orc high priests
  7 vampire magi
  7 ironbound beastmasters
  12 deep elf knights
  A soul eater (Crypt:2)
  2 hell knights
  Nergalle (D:10)
  3 iron trolls
  16 skeletal warriors
  A salamander mystic (Volcano)
  22 sea snakes
  2 glowing orange brains (Vaults:2)
  3 flayed ghosts
  27 deep trolls
  5 deep elf archers
  18 ironbound convokers
  4 phantasmal warriors
  10 lindwurms
  26 deep elf zephyrmancers
  An iron giant skeleton (Crypt:1)
  4 necromancers
  3 oklob plants (Lair:6)
  15 wizards
  32 harpies
  An orange crystal statue (Gauntlet)
  15 orb spiders
  A fire giant zombie (Vaults:2)
  8 orc knights
  6 orc sorcerers
  8 manticores
  20 deep elf pyromancers
  A shadow dragon skeleton (Crypt:1)
  7 cyclopes
  A frost giant zombie (Crypt:1)
  27 wolf spiders
  27 ugly things
  4 salamanders (Volcano)
  7 fauns
  A black mamba (shapeshifter) (D:14)
  A moth of wrath (Spider:1)
  11 merfolk sirens
  9 water nymphs
  A goliath frog skeleton (Crypt:2)
  2 ice statues (Depths:2)
  A human skeleton (Vaults:2)
  2 centaur zombies
  Maurice (D:9)
  An iron dragon skeleton (Crypt:1)
  16 vault sentinels
  9 torpor snails
  5 elephants (Lair:6)
  9 black mambas
  A molten gargoyle (Volcano)
  12 cane toads
  A dire elephant skeleton (Crypt:2)
  Maggie (D:8)
  5 gargoyles
  An unseen horror (D:10)
  A yaktaur zombie (Vaults:2)
  A green draconian zombie (Crypt:2)
  3 rime drakes
  30 yaktaurs
  A grey draconian zombie (Crypt:1)
  An efreet (D:13)
  A purple draconian zombie (Crypt:2)
  14 freezing wraiths
  5 komodo dragons
  4 tengu conjurers
  A queen bee (Lair:3)
  13 demonic crawlers
  10 polar bears (Lair:6)
  27 jumping spiders
  7 trolls
  25 merfolk
  3 tyrant leeches (Lair:6)
  19 hornets
  13 blink frogs
  2 raiju (Lair:6)
  A wolf spider simulacrum (Gauntlet)
  5 wind drakes
  A death drake skeleton (Crypt:1)
  22 dream sheep
  14 snapping turtles
  47 redbacks
  46 slime creatures
  A flying skull (Vaults:2)
  17 water elementals
  3 centaur simulacra
  A spriggan (shapeshifter) (D:15)
  3 air elementals
  18 tarantellas
  4 wyverns
  A human (shapeshifter) (Elf:1)
  48 yaks
  A vampire (D:14)
  10 wraiths
  8 basilisks
  6 fire bats (Volcano)
  5 fire elementals
  2 steam dragons
  8 vampire mosquitoes
  A naga (shapeshifter) (D:15)
  6 wargs (Lair:6)
  A hydra simulacrum (Gauntlet)
  15 water moccasins
  2 acid dragons
  31 orc warriors
  15 hell hounds
  A cane toad skeleton (Crypt:1)
  A sky beast (D:7)
  3 meliai simulacra (Gauntlet)
  4 necrophages
  A snapping turtle zombie (Crypt:1)
  2 ice beasts
  14 black bears
  11 ogres
  23 wolves
  6 boggarts
  11 centaurs
  A lindwurm skeleton (Crypt:1)
  A hog skeleton (Crypt:2)
  A phantom (D:5)
  11 bullfrogs
  3 kobold brigands
  8 scorpions
  A gnoll sergeant (D:13)
  3 earth elementals
  26 killer bees
  14 electric eels
  8 lava snakes (Volcano)
  3 howler monkeys
  A wyvern simulacrum (Gauntlet)
  5 hounds
  22 orc priests
  A jelly (D:6)
  Crazy Yiuf (D:6)
  Ijyb (D:5)
  27 orc wizards
  Natasha (D:4)
  2 iguanas (D:5)
  An acid dragon skeleton (Crypt:1)
  A naga skeleton (Crypt:1)
  2 hound skeletons
  A howler monkey skeleton (D:4)
  4 gnolls (D:13)
  5 adders
  2 shadow imps
  A white imp (D:7)
  2 ufetubi
  2 adder skeletons (Crypt:2)
  An iguana skeleton (Crypt:1)
  2 worms
  120 orcs
  6 endoplasms
  2 giant cockroaches
  9 hobgoblins
  5 quokkas
  8 ball pythons
  3 bats
  2 frilled lizards
  A frilled lizard zombie (Crypt:2)
  A gnoll skeleton (Crypt:2)
  8 goblins
  40 kobolds
  A quokka skeleton (Crypt:1)
  A river rat skeleton (Crypt:2)
  2 fulminant prisms
1748 creatures vanquished.

Vanquished Creatures (others)
  A wizard (Vaults:4)
  A tarantella (Spider:3)
  An orc priest (D:10)
  4 bushes (Lair:4)
  308 fulminant prisms
  53 fungi
  219 plants
587 creatures vanquished.

Grand Total: 2335 creatures vanquished

Notes
Turn   | Place    | Note
-------+----------+-------------------------------------------
     0 | D:1      | grimtooth the Tengu Conjurer began the quest for the Orb.
     0 | D:1      | Reached XP level 1. HP: 10/10 MP: 4/4
   285 | D:1      | Reached XP level 2. HP: 15/15 MP: 0/6
   288 | D:1      | Learned a level 2 spell: Searing Ray
   821 | D:1      | You fall into a shaft and drop 1 floor!
  1049 | D:1      | Found a faded altar of an unknown god.
  1392 | D:2      | Reached XP level 3. HP: 19/19 MP: 2/8
  2220 | D:3      | Reached XP level 4. HP: 24/24 MP: 8/10
  2442 | D:3      | Found a runed translucent door.
  2442 | D:3      | Noticed WaxSun's ghost (weakling KoBr)
  2535 | D:3      | Found Vago's General Store.
  2551 | D:3      | Bought a scroll of teleportation for 30 gold pieces
  3170 | D:4      | Noticed szrap's ghost (amateur OgTm)
  3170 | D:4      | Found a runed translucent door.
  3244 | D:4      | Noticed a scorpion
  3247 | D:4      | Killed a scorpion
  3248 | D:4      | Gained mutation: Your magical nature lets you fly swiftly
                  | and evasively. [Tengu growth]
  3248 | D:4      | Reached XP level 5. HP: 28/28 MP: 7/12
  3699 | D:4      | Reached XP level 6. HP: 21/32 MP: 6/14
  3703 | D:4      | Reached skill level 5 in Spellcasting
  3914 | D:4      | Noticed Natasha
  3918 | D:4      | Killed Natasha
  4261 | D:4      | Reached XP level 7. HP: 36/36 MP: 10/16
  4750 | D:4      | Learned a level 4 spell: Iskenderun's Mystic Blast
  4755 | D:4      | Learned a level 4 spell: Fulminant Prism
  4756 | D:5      | Entered Level 5 of the Dungeon
  4756 | D:5      | Noticed Ijyb
  4761 | D:5      | Killed Ijyb
  4937 | D:5      | Found a glowing golden altar of the Shining One.
  5043 | D:5      | Found a hazy altar of Hepliaklqana.
  5492 | D:5      | Identified the +6 chain mail of Xyplyg {rPois Regen+ Dex+4}
  5658 | D:5      | Identified the +1 leather armour of Foddiatin {*Slow rF++
                  | rN+ Will+}
  5890 | D:5      | Reached skill level 1 in Armour
  5890 | D:5      | Reached skill level 1 in Hexes
  5890 | D:5      | Reached skill level 1 in Translocations
  5890 | D:5      | Reached XP level 8. HP: 41/41 MP: 13/18
  6690 | D:6      | Noticed a troll
  6702 | D:6      | Killed a troll
  6888 | D:6      | Found the +27 Lear's hauberk
  6914 | D:6      | Found a runed translucent door.
  6915 | D:6      | Noticed Crazy Yiuf
  6921 | D:6      | Killed Crazy Yiuf
  7583 | D:7      | Noticed a wyvern
  7588 | D:7      | Killed a wyvern
  7589 | D:7      | Reached XP level 9. HP: 15/45 MP: 11/19
  7638 | D:7      | Found Fiogg's Distillery.
  7652 | D:7      | Bought a potion of invisibility for 88 gold pieces
  7652 | D:7      | Bought a potion of curing for 33 gold pieces
  7652 | D:7      | Bought a potion of haste for 110 gold pieces
  7652 | D:7      | Bought a potion of degeneration for 11 gold pieces
  7662 | D:7      | Found a white marble altar of Elyvilon.
  7843 | D:7      | Found a staircase to the Ecumenical Temple.
  7849 | Temple   | Entered the Ecumenical Temple
  7949 | Temple   | Became a worshipper of Vehumet
  8201 | D:7      | - where is this goddamn bailey
  8215 | D:7      | Found a flagged portal.
  8241 | Bailey   | Entered a bailey
  8305 | Bailey   | Reached skill level 5 in Armour
  8323 | Bailey   | Noticed an orc warlord
  8361 | Bailey   | Reached * piety under Vehumet
  8361 | Bailey   | Offered knowledge of Shock by Vehumet.
  8437 | Bailey   | Found a runed translucent gate.
  8438 | Bailey   | Found a runed translucent gate.
  8440 | Bailey   | Found a runed translucent gate.
  8473 | Bailey   | Reached skill level 10 in Conjurations
  8715 | Bailey   | - fucking hell
  8716 | Bailey   | Killed an orc warlord
  8717 | Bailey   | Reached skill level 1 in Fighting
  8717 | Bailey   | Reached XP level 10. HP: 41/52 MP: 10/20
  8799 | Bailey   | Identified the +7 quarterstaff of Caong {venom, Str+4
                  | Stlth+}
  8850 | D:7      | Reached XP level 11. HP: 64/64 MP: 21/21
  9536 | D:8      | Noticed a two-headed ogre
  9549 | D:8      | Killed a two-headed ogre
  9882 | D:8      | Found a shimmering blue altar of Sif Muna.
 10028 | D:8      | Noticed Maggie
 10035 | D:8      | Killed Maggie
 10671 | D:8      | Offered knowledge of Sandblast by Vehumet.
 10671 | D:8      | Reached ** piety under Vehumet
 10982 | D:9      | Noticed Maurice
 10987 | D:9      | Killed Maurice
 11084 | D:9      | Offered knowledge of Stone Arrow by Vehumet.
 11352 | D:9      | Reached *** piety under Vehumet
 11489 | D:9      | Found Hucimil's Armour Emporium.
 11897 | D:10     | Entered Level 10 of the Dungeon
 11901 | D:10     | Noticed Harold
 11916 | D:10     | Killed Harold
 11919 | D:10     | Noticed Nergalle
 12301 | D:10     | Reached XP level 12. HP: 71/71 MP: 16/26
 12305 | D:10     | Killed Nergalle
 12421 | D:10     | Reached skill level 5 in Hexes
 12563 | D:10     | Offered knowledge of Inner Flame by Vehumet.
 12569 | D:10     | Learned a level 3 spell: Inner Flame
 13506 | D:11     | Reached **** piety under Vehumet
 13540 | D:11     | Offered knowledge of Bolt of Magma by Vehumet.
 13555 | D:11     | Learned a level 5 spell: Bolt of Magma
 13720 | D:11     | Found a staircase to the Lair.
 14172 | D:11     | Noticed a two-headed ogre
 14181 | D:11     | Killed a two-headed ogre
 14182 | D:11     | Reached skill level 1 in Fire Magic
 14357 | D:12     | - argh
 14413 | D:12     | Reached skill level 1 in Throwing
 14459 | D:12     | Found a gate leading to a gauntlet.
 14477 | Gauntlet | Entered a Gauntlet
 14477 | Gauntlet | Found a transporter.
 14477 | Gauntlet | Found a transporter.
 14477 | Gauntlet | Found a transporter.
 14477 | Gauntlet | Found a transporter.
 14497 | Gauntlet | Found a transporter.
 14512 | Gauntlet | Found a transporter.
 14516 | Gauntlet | Found a transporter.
 14531 | Gauntlet | Found a transporter.
 14574 | Gauntlet | Noticed a dire elephant
 14587 | Gauntlet | Noticed a hell beast
 14589 | Gauntlet | Found a transporter.
 14589 | Gauntlet | Found a transporter.
 14592 | Gauntlet | Found a transporter.
 14716 | Gauntlet | Identified the +1 robe of Fanaticism {Slay+2}
 15253 | Gauntlet | Identified the amulet of Kedy {Acrobat Rampage Fragile
                  | Stlth+}
 15308 | Gauntlet | Found a transporter.
 15314 | Gauntlet | Noticed a minotaur
 15321 | Gauntlet | Killed a minotaur
 15452 | D:12     | Reached skill level 5 in Fire Magic
 15534 | D:12     | Reached XP level 13. HP: 65/80 MP: 17/27
 15731 | D:12     | Noticed Erolcha
 15739 | D:12     | Killed Erolcha
 15748 | D:12     | Reached skill level 5 in Throwing
 15874 | D:12     | Reached ***** piety under Vehumet
 15895 | D:12     | Offered knowledge of Airstrike by Vehumet.
 15901 | D:12     | Learned a level 4 spell: Airstrike
 16375 | D:11     | Acquired a staff of conjuration
 16455 | D:12     | Found a staircase to the Orcish Mines.
 16483 | D:12     | Reached skill level 5 in Translocations
 16483 | D:12     | Reached skill level 1 in Air Magic
 17298 | Lair:1   | Entered Level 1 of the Lair of Beasts
 18399 | Lair:2   | Found a dark tunnel.
 18412 | Volcano  | Entered a volcano
 18477 | Volcano  | Reached skill level 5 in Air Magic
 18714 | Volcano  | Reached skill level 1 in Evocations
 18730 | Volcano  | Found a burning altar of Makhleb.
 20076 | Lair:3   | Found a hole to the Spider Nest.
 20199 | Lair:3   | Reached XP level 14. HP: 86/86 MP: 21/28
 20310 | Lair:3   | You are sucked into a shaft and drop 2 floors!
 20389 | Lair:4   | Noticed Urug
 20409 | Lair:4   | Killed Urug
 20609 | Lair:3   | Reached skill level 5 in Evocations
 21759 | Lair:4   | Found a staircase to the Shoals.
 22074 | Lair:4   | Offered knowledge of Hailstorm by Vehumet.
 23430 | Lair:5   | Reached skill level 10 in Spellcasting
 23792 | Lair:5   | Found the +18 shield of the Gong {rElec rN+ Will+ EV-5}
 23913 | Lair:6   | Entered Level 6 of the Lair of Beasts
 25359 | Lair:6   | Found a runed translucent door.
 25505 | Lair:6   | Reached XP level 15. HP: 75/92 MP: 18/30
 25527 | Lair:6   | Reached skill level 10 in Fighting
 25868 | Lair:6   | Found a staircase to the Slime Pits.
 25882 | Lair:6   | Offered knowledge of Iron Shot by Vehumet.
 27234 | Lair:6   | Reached skill level 15 in Conjurations
 27239 | Lair:6   | Paralysed by a hornet for 2 turns
 28561 | D:12     | Learned a level 6 spell: Iron Shot
 28585 | Orc:1    | Entered Level 1 of the Orcish Mines
 28840 | Orc:1    | Found Xoun's CLEARANCE SALE! EVERYTHING MUST GO!.
 29097 | Orc:2    | Entered Level 2 of the Orcish Mines
 29132 | Orc:2    | Found a staircase to the Elven Halls.
 29784 | Orc:2    | Reached ****** piety under Vehumet
 29784 | Orc:2    | Offered knowledge of Starburst by Vehumet.
 29935 | Orc:2    | Noticed an orc warlord
 30001 | Orc:2    | Killed an orc warlord
 30480 | Orc:2    | Learned a level 6 spell: Starburst
 30562 | Orc:2    | Found Guosud's Antique Armour Shop.
 30563 | Orc:2    | Found Azaazam's Antique Weapon Shop.
 30564 | Orc:2    | Found Caerafetisch's General Store.
 30564 | Orc:2    | Found Zuisymiz's Book Boutique.
 30586 | Orc:2    | Bought a scroll of fog for 30 gold pieces
 30586 | Orc:2    | Bought a potion of curing for 45 gold pieces
 30811 | Orc:1    | Bought a scroll of identify for 12 gold pieces
 31183 | D:13     | Reached XP level 16. HP: 75/97 MP: 13/31
 31627 | D:13     | Noticed Frances
 31651 | D:13     | Killed Frances
 32016 | D:13     | Found Ytwiamug's Antique Weapon Shop.
 32017 | D:13     | Found Gotikkops's Magic Scroll Shoppe.
 32027 | D:13     | Bought a scroll of fog for 26 gold pieces
 32027 | D:13     | Bought a scroll of magic mapping for 45 gold pieces
 32027 | D:13     | Bought a scroll of identify for 26 gold pieces
 32027 | D:13     | Bought a scroll of identify for 26 gold pieces
 32027 | D:13     | Bought a scroll of identify for 26 gold pieces
 32599 | D:14     | Noticed Azrael
 32609 | D:14     | Killed Azrael
 33532 | D:14     | Offered knowledge of Eringya's Noxious Bog by Vehumet.
 33543 | D:14     | Found a gate to the Vaults.
 33775 | Spider:1 | Entered Level 1 of the Spider Nest
 33965 | Spider:1 | Reached skill level 1 in Shields
 36217 | Spider:2 | Offered knowledge of Lightning Bolt by Vehumet.
 36675 | Spider:2 | Reached XP level 17. HP: 104/104 MP: 25/34
 37366 | Spider:3 | Identified the +2 pair of boots of the Endless Expanse
                  | {Int+5}
 37437 | Spider:3 | Reached skill level 5 in Shields
 37832 | Spider:3 | Identified the +6 plate armour "Zaewk" {rCorr Slay+2}
 38174 | D:12     | Learned a level 5 spell: Lightning Bolt
 38958 | Spider:3 | Reached skill level 1 in Polearms
 39212 | Spider:4 | Entered Level 4 of the Spider Nest
 39603 | Spider:4 | Offered knowledge of Lehudib's Crystal Spear by Vehumet.
 39936 | Spider:4 | Reached skill level 10 in Air Magic
 40448 | Spider:4 | Reached skill level 10 in Fire Magic
 40975 | Spider:4 | Got the Tome of Cold and Moulding
 42716 | Spider:4 | Got a gossamer rune of Zot
 43036 | Shoals:1 | Entered Level 1 of the Shoals
 43078 | Shoals:1 | Reached skill level 5 in Polearms
 43459 | Shoals:1 | Reached XP level 18. HP: 89/112 MP: 15/35
 43587 | Shoals:1 | Reached skill level 1 in Earth Magic
 44068 | Shoals:1 | Offered knowledge of Shatter by Vehumet.
 44068 | Shoals:1 | Offered knowledge of Polar Vortex by Vehumet.
 44068 | Shoals:1 | Offered knowledge of Maxwell's Capacitive Coupling by
                  | Vehumet.
 44591 | Shoals:1 | Reached XP level 19. HP: 116/116 MP: 36/36
 45446 | Shoals:2 | Noticed Aizul
 45460 | Shoals:2 | Killed Aizul
 45709 | Shoals:2 | Noticed Roxanne
 46844 | Shoals:3 | Found Unok's Gadget Gallery.
 46871 | Shoals:3 | Noticed Ilsuiw
 46924 | Shoals:3 | Killed Ilsuiw
 47131 | Shoals:4 | Entered Level 4 of the Shoals
 47449 | Shoals:4 | Reached skill level 10 in Shields
 48529 | Shoals:4 | Identified the ring "Mupiret" {Ice rN+ MP+9}
 48549 | Shoals:4 | - man these satyrs
 48557 | Shoals:4 | Reached skill level 5 in Earth Magic
 48964 | Shoals:4 | Identified the +5 morningstar of the Toadstool {venom,
                  | Dex+3}
 49429 | Shoals:4 | Reached XP level 20. HP: 122/122 MP: 36/37
 49485 | Shoals:4 | Got a barnacled rune of Zot
 49630 | Shoals:3 | Identified the ring of Emena {*Corrode rF++ rC+ MP+9 Int+4}
 49632 | Shoals:3 | - good thing I checked on the way out, dang
 50495 | D:15     | Entered Level 15 of the Dungeon
 50623 | D:15     | Found a hide-covered altar of Uskayaw.
 51116 | D:15     | Found a staircase to the Depths.
 52452 | Orc:2    | Bought a steaming scale mail for 324 gold pieces
 52452 | Orc:2    | Identified the +4 scale mail of Action {rC+ Int+3 Dex-3}
                  | (You bought it in a shop on level 2 of the Orcish Mines)
 52708 | Elf:1    | Entered Level 1 of the Elven Halls
 52717 | Elf:1    | Gained mutation: Your body sometimes deteriorates upon
                  | taking damage. [a neqoxec]
 53587 | Elf:1    | Found a runed translucent gate.
 53589 | Elf:1    | Found a runed translucent gate.
 53590 | Elf:1    | Found a runed translucent gate.
 53592 | Elf:1    | Noticed Fekibock's ghost (adept TeBe)
 53749 | Elf:1    | Found a shimmering blue altar of Sif Muna.
 54015 | Elf:1    | Reached skill level 10 in Evocations
 54064 | Elf:1    | Paralysed by an air elemental for 1 turns
 54066 | Elf:1    | - this stunning burst is pretty nasty
 54067 | Elf:1    | Paralysed by an air elemental for 1 turns
 54907 | Elf:2    | Found a radiant altar of Vehumet.
 54971 | Elf:2    | Found Yrchy's Antique Armour Shop.
 55093 | Elf:2    | Found a runed translucent gate.
 55093 | Elf:2    | Found a runed translucent gate.
 55093 | Elf:2    | Found a runed translucent gate.
 55292 | Elf:3    | Entered Level 3 of the Elven Halls
 55347 | Elf:3    | Got Bikkimar's Reference Book on Congealing Shape Shifting
 55908 | Elf:3    | Found a large runed translucent door.
 55911 | Elf:3    | Found a large runed translucent door.
 55913 | Elf:3    | Noticed Lobster4's ghost (adept TrMo)
 55968 | Elf:3    | Identified the +0 robe of Pessimism {Rampage Drain rF++
                  | Int+2}
 56479 | Elf:3    | Identified the +0 chain mail "Qyilug" {Harm *Slow rC+
                  | Will+}
 56902 | Elf:3    | Reached skill level 15 in Air Magic
 56902 | Elf:3    | Reached XP level 21. HP: 38/127 MP: 26/38
 57921 | Elf:3    | Identified the +0 cloak of Somewhere Else {+Inv rC- rN+
                  | Int+3}
 58476 | Elf:2    | Reached skill level 10 in Armour
 59169 | Vaults:1 | Entered Level 1 of the Vaults
 59607 | Vaults:1 | Noticed Asterion
 62747 | Vaults:2 | Reached XP level 22. HP: 125/132 MP: 37/39
 63533 | Vaults:2 | Found a staircase to the Crypt.
 64464 | Vaults:3 | - that little accidental tap probably just killed me
 65540 | Vaults:3 | Identified the +7 arbalest of Undoing {penet, Fly rCorr
                  | Dex-2}
 65542 | Vaults:3 | Identified the +6 triple crossbow "Astrunass" {elec, +Blink
                  | rF+ Dex-3 Stlth+}
 66617 | Vaults:4 | Reached skill level 15 in Armour
 66891 | Vaults:4 | Reached skill level 1 in Staves
 67291 | Vaults:4 | Noticed Bai Suzhen
 67420 | Vaults:4 | Killed Bai Suzhen
 67421 | Vaults:4 | - no scales? aww
 68065 | Vaults:4 | Reached XP level 23. HP: 136/136 MP: 40/40
 68460 | Vaults:1 | Killed Asterion
 68527 | D:14     | Learned a level 3 spell: Stone Arrow
 68533 | D:14     | Learned a level 5 spell: Fireball
 68747 | Crypt:1  | Entered Level 1 of the Crypt
 69704 | Crypt:1  | Reached skill level 10 in Dodging
 70611 | Crypt:2  | Noticed Donald
 70769 | Crypt:1  | Reached skill level 5 in Staves
 71403 | Crypt:2  | Killed Donald
 72478 | Depths:1 | Entered Level 1 of the Depths
 72504 | Depths:1 | Found Waumerch's Jewellery Emporium.
 72504 | Depths:1 | Found Ehumibo's Distillery.
 72855 | Depths:1 | Bought a potion of haste for 190 gold pieces
 72984 | Depths:1 | Noticed Louise
 72993 | Depths:1 | Killed Louise
 73334 | Depths:1 | Found a one-way gate to the infinite horrors of the Abyss.
 73425 | Depths:1 | Found a hazy altar of Hepliaklqana.
 73660 | Depths:1 | Found a gateway to Hell.
 73695 | Depths:1 | Found a one-way gate leading to the halls of Pandemonium.
 73785 | Depths:1 | Found a broken altar of Ashenzari.
 74376 | Depths:2 | Noticed a juggernaut
 74382 | Depths:2 | Killed a juggernaut
 74430 | Depths:2 | Reached XP level 24. HP: 133/142 MP: 26/42
 74432 | Depths:2 | Reached skill level 15 in Spellcasting
 74634 | Depths:2 | Found a gateway to a ziggurat.
 74946 | Depths:2 | Found a stormy altar of Qazlal.
 75985 | Depths:2 | Noticed a dread lich
 76001 | Depths:2 | Killed a dread lich
 76807 | Depths:3 | - damn
 76843 | Depths:3 | - how the hell does he know where I am
 76852 | Depths:3 | Hit by a large rock thrown by a stone giant

Illustrated notes ##...#.##.#..##.## .... .. .........##...##..... . ..........#...#$#..... . ............#.#....... ...#.##.#.#.#...#.# .........##...##.# ..######..##)##..##.. ##............ ##.#.@#####. ## #.##.# .##. #)##)# . ###.# #)##.#####...o # ..# #..........o.# # #.# #########...#) + #.# #.. # #.# # #.######### Turn 8201 on D:7: - where is this goddamn bailey ##### ##...## # ##.....## ## ##.......#######. ##..8..8.......... #................. #@o............... #...8......#)''#.. ##...)).####≈≈≈### ♣##.....#≈≈≈≈≈≈≈≈≈ ♣.##....#≈.8...8.≈ ♣♣..###'###.......# ♣...≈≈≈)#≈≈.8...8.≈ ♣♣...≈≈≈.#≈......... ♣∩...≈≈≈.#≈....∩.... Turn 8715 on Bailey: - fucking hell ####.#### <...#...# #...J...# #...(...# .......J# ...J..?.# ........# .......@# .######## Turn 14357 on D:12: - argh ....#.≈.#..## ≈≈≈≈ ### #...#...##≈# ≈≈≈ ....#..#)....#)# ≈≈≈≈≈ ....#..#...)..##≈≈≈≈ .≈...#..)≈.#≈≈≈≈≈≈≈ #.≈#))t...≈≈≈≈≈≈≈ ##.##..†#.(.##≈≈≈≈≈≈≈ .≈.....†#.mc# ≈≈≈≈≈≈≈ #......@##.##≈≈≈≈≈≈≈≈ c...#....#.#≈≈≈≈≈≈≈≈≈ #.. ##≈....^≈≈≈≈≈≈≈≈≈ .# #8.....≈≈≈≈≈≈≈≈ #.....#.≈≈≈≈≈≈ ..≈≈..##≈≈≈≈≈≈≈ .....## ≈≈≈≈≈≈≈ .#.### ≈≈≈≈≈≈≈ ≈≈≈ ≈≈≈≈≈≈≈ Turn 48549 on Shoals:4: - man these satyrs

≈≈≈≈≈≈≈≈≈≈.≈..≈.≈≈≈≈≈≈≈≈≈≈≈≈≈≈≈≈≈
≈≈≈≈≈≈≈≈≈.......≈≈≈≈≈≈≈≈≈≈≈≈≈≈≈≈≈
≈≈≈≈≈≈≈.....≈≈.≈≈≈≈≈≈≈≈≈≈≈≈≈≈≈≈≈≈
≈≈≈≈≈≈......≈≈≈≈≈≈≈≈≈≈≈≈≈≈≈≈≈≈≈≈≈
≈≈≈≈≈≈....≈≈≈≈≈≈≈≈≈≈≈≈≈≈≈≈≈≈≈≈≈≈≈
≈≈≈≈≈≈≈....≈≈≈≈.≈≈≈≈≈..≈≈≈≈≈≈≈≈≈≈
≈≈≈........≈≈≈≈..≈≈≈≈≈.≈≈≈≈≈≈≈≈≈≈
≈≈≈≈........≈.....≈≈≈≈.≈≈≈≈≈≈≈≈≈≈
≈≈≈....###...≈≈≈@.≈..≈..≈≈≈≈≈≈≈≈≈
≈≈.....# #...≈≈≈≈.....≈..≈≈≈≈≈≈≈≈
≈≈.....###............≈≈..≈≈≈≈≈≈≈
≈≈...................>.....≈≈≈≈≈≈
≈≈≈..........###...##......≈≈≈≈≈≈
≈≈≈≈.......### ###.###....≈..≈≈≈≈
≈≈≈≈....#### ####....≈≈..≈≈≈≈
≈≈≈≈...## #.....≈≈..≈P≈≈
≈≈≈≈...## #..≈.^.≈P.≈≈≈≈


Turn 49632 on Shoals:3: - good thing I checked on the way out, dang #≈≈≈≈≈≈≈≈≈#
#....#'# ## .. #≈≈≈≈≈≈≈≈≈# #...###. #.## ..#8≈≈≈≈≈≈≈8# #'### ## ..(##
.#####'##### #.# # ....## '.........# #.# .....# #.........# . #.# ......
#####.)#####..(.. #.# .....# #$..)).#####e.# #.# # ....## #.).#)...@E...# #.# ##
...+# #...#.....E...+ #.# ##. #.## ######'##'##### #.# ##.# ## #([.)).)#..)..#
#)###.## #...)...#...!.# #...'## #.......#.....# #....#
..########################....# ^.....'.........).°.....'.....# .
#####.....#############'...## Turn 54066 on Elf:1: - this stunning burst is
pretty nasty ###.......# #....###..[.# #....# #....# # #..### ###.<# +###..# ..#
#..#..### ..# #).#....# .+ #)T+....###... #@T###.......# #C### #.......# Tp#
######### #{p #T ## Turn 64464 on Vaults:3: - that little accidental tap
probably just killed me ......#........# ......[[.......# ...>..#..[.....#
.^....#........# ......######'###### ......# #....D#..# ####### #.....+(.#
#.....#).# #.....#○)# #.....#°T# .# #######@(####'## ########.......[§.....#
#......#......§.......# #).....##'####.§####### #......'.....#.§#
#......'.....#u.# #......#.....#§§# #......'.....#..' ########.....#..#.
########### Turn 67421 on Vaults:4: - no scales? aww .....uiGD### .......T.#.##
.......y.....# ......#...(...#).....)# ......#.$...?.#.D.....
#.....'...#...'...:.. #.....#.[...!.#QCWy. ###...#...[...#)C.D ##..##.....# #GG
##.. ##.###G#e# #.. ##....@# ⌠.. #.H.!y..# #... #.$...[.# #...#...# #.!...$.#
#§..$...# ## ...T## +#C### ## #+#..... .###......# .........# .......[## Turn
76807 on Depths:3: - damn ..## ..# .## ..## ......... ..# ............... <....
.....)......... ..### ....##........ #+# #............ # #...........
#........... #........... #@.......... }...)..####....... ......# ##..##. #
.....# ...# ## '#..# ...# ..# #T# ... ...#).....). ##. .?.#.C..y..#C
...yQ..:...GL .!.#..D.i..# ...#)..D§.=# Turn 76843 on Depths:3: - how the hell
does he know where I am

Levels and vault maps discovered:
D:1:      elethiomel_arrival_maze, layout_basic,
          hellmonk_ecumenical_altar_crossroads, minmay_cut_off
D:2:      layout_loops_ring, minmay_shallow_snake_nest
D:3:      layout_basic, serial_shops, nicolae_shop_waterfront,
          gammafunk_ghost_grave
D:4:      layout_gridville, ebering_ghost_sewer_d, grunt_decor_cap, uniq_natasha
D:5:      layout_loops_corners, mainiacjoe_overflow_concentric_impassable,
          tso_altar, uniq_ijyb
D:6:      layout_basic, hellmonk_guarded_unrand_lears, uniq_crazy_yiuf_cottage
D:7:      layout_loops_cross, elyvilon_altar_1, minmay_temple_entry_hall,
          enter_bailey_2, serial_shops, shop_statue, minivault_26,
          minmay_manual_mares
D:8:      layout_basic, nicolae_sif_muna_little_library, uniq_maggie
D:9:      layout_roguey [special_room_orc], serial_shops, nicolae_shop_stone,
          uniq_maurice
D:10:     layout_basic, uniq_harold, uniq_nergalle
D:11:     layout_roguey, erik_lair_island
D:12:     layout_loops_ring, hiddenorc2_lemuel, gauntlet_entry_generic,
          uniq_erolcha
D:13:     layout_basic, nicolae_wooded_promenade, uniq_frances
D:14:     layout_rooms, skrybe_vaults_entry_preservation, grunt_decor_fettered,
          uniq_azrael
D:15:     hangedman_depths_entry_civil_slaughter, layout_stronghold,
          nicolae_uskayaw_dance_hall, minmay_orc_keep
Temple:   hc_temple_tempest_star
Lair:1:   layout_gridlike, nicolae_quartered_pool_super, lemuel_fruit_tree,
          grunt_megastairs_5
Lair:2:   layout_cave_pods, enter_volcano_2
Lair:3:   layout_long_grid, dummy_spider_entry, special_room [special_room_bee]
Lair:4:   minmay_lair_oklob_tunnel, layout_long_grid, elwin_shoals_entry_rocks,
          minmay_hedge_maze, hangedman_lair_generics_rect, uniq_urug
Lair:5:   layout_loops_ring
Lair:6:   hangedman_lair_caniforms_friends, layout_regular_city, wormcave,
          minmay_slime_entry_oklob_enclosed, columned_hall_lemuel, st_stairs_9,
          infiniplex_staircase_pool
Shoals:1: cheibrodos_shoals_three_sisters, layout_shoals
Shoals:2: layout_shoals, uniq_roxanne, uniq_aizul
Shoals:3: layout_shoals, nicolae_shop_gadgets, uniq_ilsuiw
Shoals:4: shoals_end_hellmonk_lost_city
Spider:1: nicolae_spider_jumping_over_cracks [nicolae_spider_jumping_sub_notch,
          nicolae_spider_jumping_sub_lanes, nicolae_spider_jumping_sub_shuffled,
          nicolae_spider_jumping_sub_moat], hive_lemuel
Spider:2: layout_spider_delve
Spider:3: layout_spider_delve, einodemon_crawler_minivault
Spider:4: guppyfry_spider_rune, hangedman_spider_tarantella_strand
Orc:1:    layout_diamond_mine, nicolae_orc_flooded_monolith,
          nicolae_shop_clearance
Orc:2:    st_orc_congregation, layout_caves
Elf:1:    nicolae_elf_arrival_no_cutting_in_line, layout_geoelf_diagonals,
          basic_altar, ebering_ghost_rock_garden, evilmike_minifort, drop_trap
Elf:2:    elven_hall_of_blades_hangedman_original
          [nicolae_blade_entry_antechamber], layout_geoelf_octagon,
          serial_shops, shop, basic_altar
Elf:3:    minmay_elf_hall_curves, layout_loops_corners,
          ebering_ghost_disaster_area
Vaults:1: ontoclasm_vaults_decontamination, nicolae_vaults_what_the_h,
          ontoclasm_vaults_chip, v_misc_18, v_rooms_2, nicolae_vaults_alarming,
          ontoclasm_vaults_twist, ontoclasm_vaults_eye, layout_vaults_omnigrid,
          uniq_asterion
Vaults:2: st_cells, nicolae_vaults_network_quinsquares
          [nicolae_vaults_network_quincunx_subvault,
          nicolae_vaults_network_quincunx_subvault,
          nicolae_vaults_network_quincunx_subvault,
          nicolae_vaults_network_quincunx_subvault],
          minmay_crypt_entry_simple_corners, ontoclasm_vaults_spin,
          vaults_room_stairs_pillars, vaults_dpeg_cross,
          vaults_room_stairs_pillars, grunt_vaults_hallway_short,
          vaults_dpeg_spiral, vaults_standard_mumra_enter_the_diamond,
          v_rooms_3, nicolae_vaults_little_squares_4, ontoclasm_vaults_fault,
          ontoclasm_vaults_shuriken, dpeg_vaults_monster_box, v_misc_30,
          ontoclasm_vaults_loading_screen, layout_vaults_ring
Vaults:3: vaults_room_fancy_cross, ontoclasm_vaults_hangar,
          vaults_room_large_hall, v_misc_24, nicolae_vaults_angled_halls,
          v_misc_22, st_cells, nicolae_vaults_yaktaur_gun_rack,
          vaults_room_grunt_arrival_checkpoint, v_misc_26, layout_vaults_omnibox
Vaults:4: v_rooms_6, vaults_standard_mumra_enter_the_diamond,
          hangedman_vaults_variations, grunt_vaults_hallway_short,
          st_smaller_cells, v_rooms_5, nicolae_vaults_asterisk,
          nicolae_vaults_little_squares_4, v_misc_22, layout_vaults_maze_snakey,
          uniq_bai_suzhen
Crypt:1:  layout_misc_corridors, minivault_23, grunt_crypt_arrival_webbed,
          grunt_megastairs_4
Crypt:2:  layout_regular_city, uniq_donald
Depths:1: layout_honeycomb, grunt_pan_entry_zigzag,
          ashenzari_conservatory_becter, hell_entry,
          nicolae_abyss_entry_one_way_or_another,
          worldfamousw_hep_ancestral_shrine, serial_bayou_shore_a,
          grunt_megastairs_2, serial_bayou_shore_b, minmay_shoptagon
Depths:2: cheibrodos_cascadia, layout_small_grid, enter_ziggurat_f,
          nicolae_qazlal_general_emergency, hell_entry,
          minmay_staircase_statues_hall_small, serial_bayou_shore_b,
          grunt_megastairs_1
Depths:3: minmay_heptahexagon, layout_cave_shapes, xom_redecorated, hell_entry,
          serial_shops, kennysheep_mini_moat, grunt_pan_entry_spiral,
          abyss_entry_small_statue_room, grunt_gozag_statues,
          infiniplex_staircase_pillars_1

Skill      XL: |  1  2  3  4  5  6  7  8  9 10 11 12 13 14 15 16 17 18 19 20 21 22 23 24 |
---------------+-------------------------------------------------------------------------+-----
Spellcasting   | 3 4 5 6 9 10 12 14 15 | 15.0
Conjurations   | 6 7 9 12 15 17 18 | 18.0
Armour         | 1 3 6 8 9 12 15 | 15.0
Hexes          | 1 3 4 6 |  6.0
Translocations | 1 3 4 6 |  6.0
Fighting       | 1 6 9 10 11 12 13 | 13.3
Dodging        | 7 9 12 | 12.0
Stealth        | 7 |  7.0
Fire Magic     | 5 6 8 9 10 12 | 12.0
Throwing       | 4 6 |  6.0
Air Magic      | 8 9 12 15 18 | 18.0
Evocations     | 4 6 7 9 10 | 10.0
Shields        | 3 6 8 11 12 14 | 14.0
Polearms       | 7 8 9 |  9.0
Earth Magic    | 2 5 6 |  6.0
Staves         | 3 6 |  6.8

Action                   |  1- 3 |  4- 6 |  7- 9 | 10-12 | 13-15 | 16-18 | 19-21 | 22-24 || total
-------------------------+-------+-------+-------+-------+-------+-------+-------+-------++-------
Melee: Dagger            |       |     5 |    14 |    40 |    27 |       |       |       ||    86
       Peck              |       |     1 |       |     5 |    18 |    13 |    26 |    19 ||    82
       Kick              |       |       |     4 |    10 |    20 |    19 |    38 |    21 ||   112
       Staff             |       |       |       |       |    56 |    74 |   160 |   129 ||   419
       Unarmed           |       |       |       |       |     3 |       |       |       ||     3
       Demon trident     |       |       |       |       |       |    16 |    28 |    28 ||    72
Throw: Stone             |       |       |       |       |     4 |       |       |       ||     4
       Dart              |       |       |       |       |    23 |   141 |     4 |       ||   168
       Boomerang         |       |       |       |       |    89 |    45 |    98 |    65 ||   297
       Javelin           |       |       |       |       |       |       |     2 |       ||     2
 Cast: Magic Dart        |    57 |    43 |    80 |    76 |    72 |    23 |     2 |       ||   353
       Searing Ray       |     2 |    12 |    47 |    89 |   215 |   105 |    79 |    23 ||   572
       Fulminant Prism   |       |       |     6 |    47 |   129 |    48 |    55 |    26 ||   311
       Iskenderun's Myst |       |       |       |    11 |    71 |    99 |   119 |    74 ||   374
       Bolt of Magma     |       |       |       |     1 |    62 |   151 |   219 |   143 ||   576
       Airstrike         |       |       |       |       |     5 |     3 |    10 |     2 ||    20
       Iron Shot         |       |       |       |       |       |     2 |   144 |   204 ||   350
       Lightning Bolt    |       |       |       |       |       |       |    16 |    33 ||    49
       Starburst         |       |       |       |       |       |       |     1 |       ||     1
       Inner Flame       |       |       |       |       |       |       |       |     1 ||     1
       Stone Arrow       |       |       |       |       |       |       |       |    91 ||    91
       Fireball          |       |       |       |       |       |       |       |    27 ||    27
Evoke: Wand              |       |       |     4 |     4 |    25 |    26 |    12 |    15 ||    86
       Lightning rod     |       |       |       |       |       |     3 |       |       ||     3
       Condenser vane    |       |       |       |       |       |       |     1 |       ||     1
       Phial of floods   |       |       |       |       |       |       |     1 |       ||     1
  Use: Scroll            |       |       |     9 |     3 |    16 |     5 |     9 |    14 ||    56
       Potion            |       |       |     2 |     1 |     7 |    11 |     9 |    12 ||    42
 Stab: Paralysed         |       |       |       |       |     3 |     3 |       |       ||     6
       Sleeping          |       |       |       |       |       |       |     1 |       ||     1
Armor: Leather armour    |       |       |    15 |    30 |    47 |   118 |    19 |       ||   229
       Scale mail        |       |       |       |       |       |       |    60 |    77 ||   137
       Chain mail        |       |       |       |       |       |       |     2 |       ||     2
Dodge: Dodged            |       |     6 |    34 |   177 |   502 |   580 |   347 |   165 ||  1811
Block: Buckler           |       |       |       |       |       |    82 |       |       ||    82
       Kite shield       |       |       |       |       |       |       |   267 |   152 ||   419
       Reflection        |       |       |       |       |       |       |    46 |     9 ||    55
